 Dungeon Crawl Stone Soup version 0.29.0-4-gdea44cf6ec (webtiles) character file.

Game seed: 14453922592606383713

108 qw the Chopper (level 4, 0/36 HPs)
             Began as a Barachi Chaos Knight on Sept 4, 2022.
             Slain by a gnoll
             ... wielding a +0 halberd
              (10 damage)
             ... on level 4 of the Dungeon.
             The game lasted 00:00:54 (1607 turns).

qw the Chopper (Barachi Chaos Knight)               Turns: 1607, Time: 00:00:54

Health: 0/36       AC:  8    Str: 15    XL:     4   Next: 87%
Magic:  4/4        EV:  6    Int: 13    God:
Gold:   73         SH:  0    Dex: 11    Spells: 3/3 levels left

rFire   . . .      SeeInvis .   Y - +0 hand axe (venom)
rCold   . . .      Faith    .   (no shield)
rNeg    . . .      Spirit   .   k - +0 chain mail
rPois   .          Reflect  .   (no helmet)
rElec   .          Harm     .   (no cloak)
rCorr   .          Rampage  .   (no gloves)
Will    .....                   (no boots)
Stlth   ..........              (no amulet)
HPRegen 0.12/turn               (no ring)
MPRegen 0.09/turn               (no ring)

@: slow
A: amphibious, slowness 1, strong legs 1, +LOS, screaming 1
a: Hop


You were on level 4 of the Dungeon.
You visited 1 branch of the dungeon, and saw 4 of its levels.

You collected 73 gold pieces.


Innate Abilities, Weirdness & Mutations

You are amphibious.
You cover ground slowly.
You can hop short distances.
You have an extended range of vision and can be seen from far away.
You occasionally shout uncontrollably at your foes.


   Skills:
 + Level 3.6 Fighting
 - Level 6.0 Axes
 - Level 2.4 Armour
 - Level 1.1 Dodging


You had 3 spell levels left.
You didn't know any spells.
Your spell library was empty.

Inventory:

Hand Weapons
 a - a +0 flail
 Y - a +0 hand axe of venom (weapon)
Armour
 k - a +0 chain mail (worn)
Scrolls
 f - a scroll of identify
Potions
 d - a potion of cancellation {unknown}
 e - a potion of attraction {unknown}
 g - a potion of mutation {unknown}
 h - a potion of haste {unknown}
 l - a potion of degeneration {unknown}
Miscellaneous
 c - a piece from Xom's chessboard (15/15)

Dungeon Overview and Level Annotations

Branches:
Dungeon (4/15)
 Temple: D:4-7

Altars:


Message History

The orc barely misses you.
You barely miss the orc.
The orc is heavily wounded.
You kill the orc!
You start resting.
A gnoll is nearby!
1580 ||| Stepping ~*~*~tactically~*~*~ (stealth).
You start resting.
A gnoll comes into view. It is wielding a +0 halberd.
1582 ||| Stepping ~*~*~tactically~*~*~ (stealth).
You start resting.
HP restored.
A gnoll comes into view. It is wielding a +0 halberd.
You ribbit at the gnoll!
You hear an angry hiss.
The gnoll shouts!
You hear an angry hiss.
1594 ||| Stepping ~*~*~tactically~*~*~ (hiding).
1595 ||| Stepping ~*~*~tactically~*~*~ (hiding).
1596 ||| Stepping ~*~*~tactically~*~*~ (hiding).
1597 ||| Stepping ~*~*~tactically~*~*~ (hiding).
1599 ||| Stepping ~*~*~tactically~*~*~ (hiding).
You hear the brisk rusting of a drain.
1601 ||| Stepping ~*~*~tactically~*~*~ (hiding).
You hit the gnoll.
The gnoll is moderately wounded.
The gnoll hits you with a +0 flail.
You hit the gnoll.
The gnoll is poisoned.
The gnoll is severely wounded.
The gnoll hits you with a +0 flail.
You hit the gnoll.
The gnoll looks as sick as possible!
The gnoll is almost dead.
You kill the gnoll!
Your Axes skill increases to level 6!
You see here a +0 flail.
The gnoll splashes around in the water.
The gnoll hits you with a +0 halberd!
The gnoll hits you from afar with a +0 halberd!
You hit the gnoll.
The gnoll is poisoned.
The gnoll is lightly wounded.
The gnoll hits you from afar with a +0 halberd.
The gnoll hits you with a +0 halberd!
You die...

## #.# #.# #.# ########
####.###############......##
.........g@)........####...
#.....~~##########.......
#.#...~g~# #....... ##.).#~#
#..##### #.)~~~# #..#
##..~#~# #..# #.)~~~~# #..#
#...~#~# #..##### #)..g#~#
#.##...#


You could see 2 gnolls.

Vanquished Creatures
  An orc wizard (D:2)
  2 adders
  A gnoll (D:4)
  5 worms
  6 orcs
  2 endoplasms
  2 goblins
  4 hobgoblins
  2 quokkas
  4 ball pythons
  A bat (D:1)
  3 frilled lizards (D:1)
  A kobold (D:3)
  4 rats
38 creatures vanquished.

Notes
Turn   | Place    | Note
-------+----------+-------------------------------------------
     0 | D:1      | qw the Barachi Chaos Knight began the quest for the Orb.
     0 | D:1      | Reached XP level 1. HP: 18/18 MP: 1/1
     0 | D:1      | 0 ||| qw: Version: 0.1-a-103-gd6f5d3a
     0 | D:1      | 0 ||| qw: Game counter: 5468
     0 | D:1      | 0 ||| qw: Always use a shield: true
     0 | D:1      | 0 ||| qw: God list: Okawaru
     0 | D:1      | 0 ||| qw: Allow faded altars: false
     0 | D:1      | 0 ||| qw: Do Orc after D:15 true
     0 | D:1      | 0 ||| qw: Do second Lair branch before Depths: true
     0 | D:1      | 0 ||| qw: Lair rune preference: random
     0 | D:1      | 0 ||| qw: Plans: Normal
     0 | D:1      | 0 ||| PLANNING D:1-11
     0 | D:1      | Fell from the grace of Xom
    23 | D:1      | 23 ||| Stepping ~*~*~tactically~*~*~ (stealth).
    24 | D:1      | 24 ||| Stepping ~*~*~tactically~*~*~ (stealth).
    25 | D:1      | 25 ||| Stepping ~*~*~tactically~*~*~ (stealth).
    30 | D:1      | 30 ||| Stepping ~*~*~tactically~*~*~ (stealth).
    31 | D:1      | 31 ||| Stepping ~*~*~tactically~*~*~ (stealth).
    32 | D:1      | 32 ||| Stepping ~*~*~tactically~*~*~ (stealth).
    33 | D:1      | 33 ||| Stepping ~*~*~tactically~*~*~ (stealth).
    34 | D:1      | 34 ||| Stepping ~*~*~tactically~*~*~ (stealth).
    36 | D:1      | 36 ||| Stepping ~*~*~tactically~*~*~ (stealth).
    37 | D:1      | 37 ||| Stepping ~*~*~tactically~*~*~ (stealth).
    48 | D:1      | 48 ||| Stepping ~*~*~tactically~*~*~ (stealth).
    49 | D:1      | 49 ||| Stepping ~*~*~tactically~*~*~ (stealth).
    50 | D:1      | 50 ||| Stepping ~*~*~tactically~*~*~ (stealth).
    87 | D:1      | XOM: give mutation
    87 | D:1      | Gained mutation: You occasionally shout uncontrollably at
                  | your foes. [Xom's mischief]
   250 | D:1      | 250 ||| Stepping ~*~*~tactically~*~*~ (stealth).
   252 | D:1      | Reached XP level 2. HP: 24/24 MP: 2/2
   253 | D:1      | 253 ||| Stepping ~*~*~tactically~*~*~ (stealth).
   257 | D:1      | Reached skill level 4 in Axes
   770 | D:1      | 770 ||| UPGRADING to +0 chain mail.
   780 | D:1      | 780 ||| DROPPING +2 leather armour.
   781 | D:1      | 781 ||| READING scroll labelled ENNUEP VOANO.
   782 | D:1      | 782 ||| READING scroll labelled FAYFUSEGIA.
   783 | D:1      | 783 ||| READING scroll labelled DUANEI OTHE.
   784 | D:1      | 784 ||| READING scroll labelled WEMINUAKIA.
   819 | D:2      | 819 ||| Stepping ~*~*~tactically~*~*~ (stealth).
   830 | D:2      | 830 ||| Stepping ~*~*~tactically~*~*~ (stealth).
   831 | D:2      | 831 ||| Stepping ~*~*~tactically~*~*~ (stealth).
   832 | D:2      | 832 ||| Stepping ~*~*~tactically~*~*~ (stealth).
   844 | D:2      | HP: 5/24 [worm (7)]
   845 | D:2      | Reached skill level 5 in Axes
   845 | D:2      | Reached XP level 3. HP: 6/29 MP: 3/3
   928 | D:2      | 928 ||| FLEEEEING.
   929 | D:2      | 929 ||| FLEEEEING.
   930 | D:2      | 930 ||| FLEEEEING.
   931 | D:2      | 931 ||| FLEEEEING.
   936 | D:2      | 936 ||| STAIRDANCE
  1097 | D:1      | 1097 ||| READING scroll labelled HICUCE OPEIF.
  1121 | D:2      | 1121 ||| DROPPING +0 mace.
  1171 | D:2      | Found a faded altar of an unknown god.
  1217 | D:2      | Reached XP level 4. HP: 35/36 MP: 4/4
  1232 | D:2      | 1232 ||| Stepping ~*~*~tactically~*~*~ (stealth).
  1253 | D:2      | You fall into a shaft and drop 2 floors!
  1257 | D:4      | 1257 ||| PLANNING SEWER
  1341 | D:4      | 1341 ||| Stepping ~*~*~tactically~*~*~ (stealth).
  1343 | D:4      | 1343 ||| Stepping ~*~*~tactically~*~*~ (stealth).
  1424 | D:4      | 1424 ||| FLEEEEING.
  1430 | D:4      | 1430 ||| FLEEEEING.
  1431 | D:4      | 1431 ||| FLEEEEING.
  1432 | D:4      | 1432 ||| FLEEEEING.
  1433 | D:4      | 1433 ||| FLEEEEING.
  1434 | D:4      | 1434 ||| FLEEEEING.
  1435 | D:4      | 1435 ||| FLEEEEING.
  1439 | D:4      | 1439 ||| FLEEEEING.
  1440 | D:4      | 1440 ||| FLEEEEING.
  1441 | D:4      | 1441 ||| FLEEEEING.
  1442 | D:4      | 1442 ||| FLEEEEING.
  1443 | D:4      | 1443 ||| FLEEEEING.
  1444 | D:4      | 1444 ||| FLEEEEING.
  1445 | D:4      | 1445 ||| STAIRDANCE
  1553 | D:4      | 1553 ||| Stepping ~*~*~tactically~*~*~ (stealth).
  1554 | D:4      | 1554 ||| Stepping ~*~*~tactically~*~*~ (stealth).
  1555 | D:4      | 1555 ||| Stepping ~*~*~tactically~*~*~ (stealth).
  1563 | D:4      | 1563 ||| Stepping ~*~*~tactically~*~*~ (stealth).
  1564 | D:4      | 1564 ||| Stepping ~*~*~tactically~*~*~ (stealth).
  1580 | D:4      | 1580 ||| Stepping ~*~*~tactically~*~*~ (stealth).
  1582 | D:4      | 1582 ||| Stepping ~*~*~tactically~*~*~ (stealth).
  1594 | D:4      | 1594 ||| Stepping ~*~*~tactically~*~*~ (hiding).
  1595 | D:4      | 1595 ||| Stepping ~*~*~tactically~*~*~ (hiding).
  1596 | D:4      | 1596 ||| Stepping ~*~*~tactically~*~*~ (hiding).
  1597 | D:4      | 1597 ||| Stepping ~*~*~tactically~*~*~ (hiding).
  1599 | D:4      | 1599 ||| Stepping ~*~*~tactically~*~*~ (hiding).
  1601 | D:4      | 1601 ||| Stepping ~*~*~tactically~*~*~ (hiding).
  1605 | D:4      | Reached skill level 6 in Axes
  1607 | D:4      | Slain by a gnoll

Levels and vault maps discovered:
D:1:      amcnicky_arrival_double_pillar, layout_loops_ring, st_stairs_12,
          hangedman_decor_push
D:2:      layout_basic, ebering_ecumenical_altar_webs,
          kennysheep_generic_room_10
D:3:      layout_basic, minmay_unequal
D:4:      kennysheep_spiral_hall, layout_loops_ring, minmay_temple_entry_ruins,
          lightli_sewer_entry_pipes, hangedman_minor_gate_pass

Skill      XL: |  1  2  3  4 |
---------------+-------------+-----
Axes           | 5 6 |  6.0
Fighting       | |  3.6
Armour         | |  2.4
Dodging        | |  1.1

Action                   |  1- 3 |  4- 6 || total
-------------------------+-------+-------++-------
Melee: Hand axe          |    56 |    60 ||   116
       Punch             |       |     1 ||     1
Throw: Boomerang         |       |     5 ||     5
Invok: Renounce Religion |     1 |       ||     1
  Use: Scroll            |     5 |       ||     5
Armor: Leather armour    |     9 |       ||     9
       Chain mail        |    18 |    23 ||    41
Dodge: Dodged            |    25 |    10 ||    35

Table legend:
 A = Non-vault XP
 B = Vault XP
 C = Vault XP percentage of total XP
 D = Non-vault monster count
 E = Vault monster count
 F = Vault count percentage of total count
                 A         B        C        D         E       F
            +---------+---------+-------+---------+---------+-------
      Total |     133 |      22 |  14.2 |      33 |       5 |  13.2
            +---------+---------+-------+---------+---------+-------
        D:1 |      18 |       2 |  10.0 |      13 |       1 |   7.1
        D:2 |      70 |       0 |   0.0 |      11 |       0 |   0.0
        D:3 |       3 |       0 |   0.0 |       2 |       0 |   0.0
        D:4 |      42 |      20 |  32.3 |       7 |       4 |  36.4
            +---------+---------+-------+---------+---------+-------
